 Dungeon Crawl Stone Soup version 0.25-a0-420-g1cc7eeb0d1 (webtiles) character file.

Game seed: 11960511868493100039, levelgen mode: deterministic

162 Enkuryo the Charmwright (level 5, 0/38 HPs)
             Began as a Vampire Skald on Jan 18, 2020.
             Slain by a phantom (1 damage)
             ... on level 4 of the Dungeon on Jan 19, 2020.
             The game lasted 00:20:19 (3274 turns).

Enkuryo the Charmwright (Vampire Skald)             Turns: 3274, Time: 00:20:20

Health: 0/38       AC:  4    Str: 11    XL:     5   Next: 19%
Magic:  9/9        EV: 13    Int: 16    God:
Gold:   157        SH:  0    Dex: 15    Spells: 7/10 levels left

rFire    . . .     SeeInvis +   l - +2 dagger (drain)
rCold    . . .     Gourm    .   (no shield)
rNeg     . . .     Faith    .   b - +0 leather armour
rPois    .         Spirit   .   (no helmet)
rElec    .         Reflect  .   (no cloak)
rCorr    .         Harm     .   a - +0 pair of gloves
MR       .....                  (no boots)
Stlth    +.........             (no amulet)
HPRegen  0.32/turn              f - ring of wizardry
MPRegen  0.11/turn              j - +2 ring of dexterity

@: regenerating quickly
A: no food, fangs 3, see invisible, unbreathing
a: Exsanguinate


You were on level 4 of the Dungeon.
You were alive.

You visited 1 branch of the dungeon, and saw 4 of its levels.

You collected 157 gold pieces.

Inventory:

Hand Weapons
 d - a +3 dagger of speed
 l - a +2 dagger of draining (weapon)
Armour
 a - a +0 pair of gloves (worn)
 b - a +0 leather armour (worn)
Jewellery
 f - a ring of wizardry (left hand)
 j - a +2 ring of dexterity (right hand)
Wands
 m - a wand of enslavement (8)
Scrolls
 e - a scroll of remove curse
 i - a scroll of amnesia
Potions
 c - a potion of lignification {unknown}
 g - 5 potions of curing
 h - 2 potions of resistance
 k - a potion of might {unknown}


   Skills:
 + Level 2.2 Fighting
 + Level 2.9 Short Blades
 + Level 1.4 Armour
 + Level 3.0 Dodging
 * Level 3.1 Spellcasting
 * Level 4.3 Charms


You had 7 spell levels left.
You knew the following spells:

 Your Spells              Type           Power        Failure   Level  Hunger
a - Infusion              Chrm           ###.         1%          1    N/A
b - Song of Slaying       Chrm           ###.....     2%          2    N/A

Your spell library contained the following spells:

 Spells                   Type           Power        Failure   Level  Hunger
 Shroud of Golubria       Chrm/Tloc      #.....       6%          2    N/A
 Ozocubu's Armour         Chrm/Ice       #.......     12%         3    N/A
 Spectral Weapon          Hex/Chrm       #.......     12%         3    N/A

Dungeon Overview and Level Annotations

Branches:
Dungeon (4/15)
 Temple: D:4-7

Altars:
Makhleb
Trog
Yredelemnul


Innate Abilities, Weirdness & Mutations

You do not eat.
Your natural rate of healing is unusually fast.
You have razor-sharp teeth.
You have supernaturally acute eyesight. (SInv)
You can survive without breathing.


Message History

The phantom blinks!
Okay, then.
You hit the phantom.
The phantom is moderately damaged.
The phantom hits you.
* * * LOW HITPOINT WARNING * * *
You miss the phantom.
The phantom is moderately damaged.
The phantom hits you.
* * * LOW HITPOINT WARNING * * *
Your leather armour prevents you from hitting the phantom.
The phantom is moderately damaged.
The phantom hits you.
* * * LOW HITPOINT WARNING * * *
You barely miss the phantom.
The phantom is moderately damaged.
You hit the phantom.
The phantom is moderately damaged.
The phantom hits you.
You die...

#...........## #
#.##....#...#.
###....#.#.
#........#
###.####.###
#....###.#######
#.#..##.........
#.#..##.<.......
# #.@W..........
#.###.########
#.. #.#
##########
#.#.#.#
#.........
###.#.#
#.########
#.####........
#.#......##.#.
#.#......#
#........#


You could see a phantom.

Vanquished Creatures
  Jessica (D:3)
  6 adders
  2 worms (D:3)
  2 dart slugs (D:1)
  4 leopard geckos
  An orc (D:3)
  3 giant cockroaches
  10 goblins
  13 hobgoblins
  4 kobolds
  9 bats
  8 frilled lizards
  5 rats
68 creatures vanquished.

Notes
Turn   | Place    | Note
-------+----------+-------------------------------------------
     0 | D:1      | Enkuryo the Vampire Skald began the quest for the Orb.
     0 | D:1      | Reached XP level 1. HP: 16/16 MP: 3/3
   205 | D:1      | Reached XP level 2. HP: 19/22 MP: 5/5
   287 | D:1      | Reached skill level 1 in Armour
   819 | D:1      | Reached XP level 3. HP: 23/27 MP: 6/6
  1265 | D:2      | Learned a level 2 spell: Song of Slaying
  1430 | D:2      | Reached XP level 4. HP: 27/33 MP: 7/7
  1543 | D:2      | Reached skill level 4 in Charms
  2067 | D:3      | Found a bloodstained altar of Trog.
  2281 | D:3      | Found a basalt altar of Yredelemnul.
  2436 | D:3      | Found a burning altar of Makhleb.
  2512 | D:3      | Noticed Jessica
  2521 | D:3      | Killed Jessica
  2521 | D:3      | Reached XP level 5. HP: 27/38 MP: 4/9
  3246 | D:4      | Noticed a phantom
  3272 | D:4      | HP: 1/38 [phantom (3)]
  3274 | D:4      | Slain by a phantom

Levels and vault maps discovered:
D:1:      lightli_arrival_statuegarden, layout_loops_ring
D:2:      kennysheep_six_static_rooms, layout_loops_ring
D:3:      layout_loops_corners, nicolae_overflow_crystal_walls,
          nicolae_overflow_hidden_temple, marbit_many_paths, uniq_jessica
D:4:      layout_basic, lemuel_doored_altar, lemuel_round_altar, first_ration

Skill      XL: |  1  2  3  4 |
---------------+-------------+-----
Armour         | 1 |  1.4
Fighting       | 2 |  2.2
Charms         | 4 |  4.3
Spellcasting   | 3 |  3.1
Dodging        | 3 |  3.0
Short Blades   | |  2.9

Action                   |  1- 3 |  4- 6 || total
-------------------------+-------+-------++-------
Melee: Dagger            |   135 |   100 ||   235
       Bite              |     8 |    13 ||    21
       Short sword       |     2 |       ||     2
 Cast: Infusion          |     3 |     2 ||     5
       Song of Slaying   |     1 |       ||     1
  Use: Scroll            |     7 |     1 ||     8
       Potion            |     2 |       ||     2
Armor: Leather armour    |    25 |    22 ||    47
       Ring mail         |     3 |       ||     3
Dodge: Dodged            |    70 |    41 ||   111

Table legend:
 A = Non-vault XP
 B = Vault XP
 C = Vault XP percentage of total XP
 D = Non-vault monster count
 E = Vault monster count
 F = Vault count percentage of total count
                 A         B        C        D         E       F
            +---------+---------+-------+---------+---------+-------
      Total |     173 |      59 |  25.4 |      60 |       8 |  11.8
            +---------+---------+-------+---------+---------+-------
        D:1 |      42 |       0 |   0.0 |      23 |       0 |   0.0
        D:2 |      54 |      21 |  28.0 |      11 |       6 |  35.3
        D:3 |      77 |      38 |  33.0 |      26 |       2 |   7.1
            +---------+---------+-------+---------+---------+-------
